 Dungeon Crawl Stone Soup version 0.31-a0-986-g5e6e4ef867 (webtiles) character file.

Game seed: 11465672367673989736

20719 avis the Nimble (level 12, -4/51 HPs)
             Began as a Felid Shapeshifter on Nov 23, 2023.
             Was an Initiate of Gozag.
             Slain by a wolf (9 damage)
             ... on level 3 of the Lair of Beasts.
             The game lasted 01:38:24 (17089 turns).

avis the Nimble (Felid Shapeshifter)               Turns: 17089, Time: 01:38:25

Health: -4/51      AC:  3    Str: 10    XL:     12   Next: 47%
Magic:  9/19       EV: 27    Int: 24    God:    Gozag
Gold:   1253       SH:  0    Dex: 17    Spells: 6/19 levels left
                                        Lives:  0   Deaths: 4

rFire   . .          .
                       - Unarmed
rCold   + . .        (shield unavailable)
rNeg    . . .        (body armour unavailable)
rPois   .            (helmet unavailable)
rElec   .            (cloak unavailable)
rCorr   .            (gloves unavailable)
SInv    +            (boots unavailable)
Will    ++...        a - amulet of regeneration
Stlth   +            r - +6 ring of intelligence
HPRegen 1.08/turn    u - ring of Entrepreneurial Spirit {Will+ Int+3}
MPRegen 0.16/turn

%: no passive effects
@: flux-form, on blink cooldown, glowing, quick
A: glow, contaminating, very small, claws 1, fangs 3, see invisible, speed 1,
shaggy fur 3, stealthy paws, no weapons or thrown items, no armour, multi-lived
a: Begin Untransformation, Renounce Religion, Potion Petition, Call Merchant,
Bribe Branch


You were on level 3 of the Lair of Beasts.
You worshipped Gozag.
Gozag was most pleased with you.
You were something dangerously unstable.
You visited 3 branches of the dungeon, and saw 12 of its levels.

You collected 1942 gold pieces.
You paid 689 gold pieces to Gozag.

Inventory:

Jewellery
 a - an amulet of regeneration (around neck)
 h - a ring of flight
 r - a +6 ring of intelligence (left paw)
 u - the ring of Entrepreneurial Spirit (right paw) {Will+ Int+3}
   (You found it on level 6 of the Dungeon)

   [ring of willpower]

   Int+3:     It affects your intelligence (+3).
   Will+:     It increases your willpower.
 x - a +6 ring of intelligence
Talismans
 e - a beast talisman
 f - a flux talisman (active)
 D - a dragon-blood talisman
Wands
 b - a wand of polymorph (5)
 w - a wand of roots (9)
Scrolls
 c - 2 scrolls of silence {unknown}
 d - a scroll of amnesia {unknown}
 i - 2 scrolls of torment {unknown}
 l - a scroll of revelation
 m - 3 scrolls of teleportation
 n - a scroll of enchant armour
 o - a scroll of vulnerability {unknown}
 p - a scroll of fog {unknown}
 q - a scroll of poison {unknown}
 s - 2 scrolls of noise {unknown}
Potions
 g - a potion of curing
 j - a potion of cancellation
 k - 3 potions of enlightenment
 t - a potion of resistance {unknown}
 v - a potion of invisibility
 z - a potion of attraction


   Skills:
 - Level 5.0 Fighting
 * Level 14.6 Dodging
 - Level 3.0 Unarmed Combat
 - Level 4.0 Spellcasting
 - Level 7.0 Summonings
 - Level 10.0 Translocations
 - Level 6.0 Air Magic
 - Level 12.0 Shapeshifting


You had 6 spell levels left.
You knew the following spells:

 Your Spells              Type           Power      Damage    Failure   Level
b - Blink                 Tloc           100%       N/A       1%          2
f - Swiftness             Air            33%        N/A       2%          3
l - Summon Lightning Spi  Summ/Air       36%        N/A       7%          4
m - Manifold Assault      Tloc           51%        N/A       1%          4

Your spell library contained the following spells:

 Spells                   Type           Power      Damage    Failure   Level
 Volatile Blastmotes      Fire/Tloc      56%        2d14      3%          3
 Poisonous Vapours        Pois/Air       38%        N/A       4%          2
 Sting                    Tmut/Pois      16%        1d3       10%         1
 Ensorcelled Hibernation  Hex/Ice        8%         N/A       14%         2
 Passwall                 Tmut/Erth      3%         N/A       14%         2
 Dazzling Flash           Conj/Hex       8%         N/A       28%         3
 Stone Arrow              Conj/Erth      8%         3d7       28%         3
 Silence                  Hex/Air        9%         N/A       61%         5
 Olgreb's Toxic Radiance  Pois           4%         N/A       67%         4
 Agony                    Necr           4%         N/A       95%         5
 Lee's Rapid Deconstruct  Erth           2%         3d4*      95%         5
 Starburst                Conj/Fire      2%         6d3       100%        6
 Lehudib's Crystal Spear  Conj/Erth      2%         10d2      100%        8
 Maxwell's Capacitive Co  Air            16%        ∞         100%        8
 Animate Armour           Summ/Erth      Unusable   N/A       N/A         4

Dungeon Overview and Level Annotations

Branches:
Dungeon (8/15)             Temple (1/1) D:7            Lair (3/5) D:8
  Swamp (0/4) Lair:3        Snake (0/4) Lair:2

Altars:
Ashenzari
Cheibriados
Dithmenos
Elyvilon
Gozag
Hepliaklqana
Kikubaaqudgha
Nemelex Xobeh
Okawaru
Qazlal
Ru
Sif Muna
Trog
Uskayaw
Vehumet
Wu Jian
Xom
Zin
The Shining One

Shops:
D:4 =   D:7 :   Lair:1 =


Innate Abilities, Weirdness & Mutations

You are something dangerously unstable.
You glow with magical radiation, making you easy to see and hit.
Foes you strike become dangerously contaminated with magical radiation.
You have sharp claws.
You have razor-sharp teeth.
You have supernaturally acute eyesight. (SInv)
You cover ground quickly. (Speed+)
Your thick and shaggy fur keeps you warm. (AC +3, rC+)
Your paws help you pounce on unaware monsters.
You are incapable of wielding weapons or throwing items.
You cannot wear armour.
You gain extra lives every three experience levels.


Message History

The wolf bites you but does no damage.
The wolf bites your lightning spire but does no damage.
The yak gores you!
* * * LOW HITPOINT WARNING * * *
The wolf howls!
Casting: Summon Lightning Spire (dangerous; 7% risk of failure)
Confirm with . or Enter, or press ? or * to list all spells.
You blink.
The wolf is no longer distracted by gold.
The wolf enters a dispersal trap!
The wolf blinks! x3; You blink.
The wolf blinks!
You scratch the wolf.
The wolf glows dangerously bright.
The wolf is moderately wounded.
You feel ready to blink again. The wolf completely misses you.
The wolf bites you.
* * * LOW HITPOINT WARNING * * *
You barely miss the wolf.
The wolf is moderately wounded.
The wolf completely misses you. The wolf bites you.
* * * LOW HITPOINT WARNING * * *
You scratch the wolf but do no damage.
The wolf shudders as magic cascades through it!
The wolf twists and deforms.
Your bite misses the wolf.
The wolf is severely wounded.
Your lightning spire disappears in a puff of smoke!
The wolf closely misses you.
You scratch the wolf.
The wolf begins to glow.
The wolf is almost dead.
The wolf misses you.
Casting: Blink (safe; 1% risk of failure)
Confirm with . or Enter, or press ? or * to list all spells.
You blink.
The wolf misses you.
Casting: Blink (safe; 1% risk of failure)
Confirm with . or Enter, or press ? or * to list all spells.
An electric hum fills the air.
The wolf completely misses you. The wolf bites you.
* * * LOW HITPOINT WARNING * * *
The wolf bites you!
You die...
Your body crumbles into a pile of gold.

*,,,,,,,,,*******,,,,,,**
***,,,,,,,,* *,,,,,,,*
***,,***** **....,,* **,,*
*,...#,** *,>** ***..#**
**,##* *#.# ###,,#.###
#.## #P.+##.#.## ###..###
*#..§..hhp8#### ##P...#.##
#..##...hP###.###.........
##...#.....+.......#..##..
*..:.##P.P^$#.##.###.####.
*#......Y..P####.##..# #.
*###..#.+$## ####P.#**#.
##.##.## ##.#,#.. ##*#Y.#
#..*##. **#.## **#..*#.#


You could see a yak, 3 wolves and a friendly lightning spire (summoned).

Vanquished Creatures
  A boulder beetle (Lair:1)
  A manticore (D:7)
  4 elephants (Lair:3)
  A gargoyle (D:8)
  3 cane toads
  A rime drake (Lair:1)
  5 komodo dragons
  5 blink frogs (Lair:1)
  2 dream sheep (Lair:1)
  Sigmund (D:2)
  3 wyverns (D:8)
  17 yaks
  Eustachio (D:4)
  A basilisk (Lair:1)
  Edmund (D:4)
  Duvessa (D:5)
  9 water moccasins
  An orc warrior (D:8)
  A black bear (D:5)
  2 sky beasts
  An ice beast (D:6)
  3 ogres
  4 centaurs
  3 wolves
  A phantom (D:6)
  A kobold brigand (D:5)
  A bullfrog (Lair:1)
  2 gnoll sergeants
  3 scorpions
  11 wights
  Dowan (D:5)
  2 nameless horrors (D:8)
  5 howler monkeys
  6 hounds
  A jelly (D:6)
  A gnoll bouda (D:4)
  2 orc priests
  2 sleepcaps
  9 iguanas
  8 orc wizards
  Robin (D:4)
  14 gnolls
  12 adders
  5 white imps
  2 ufetubi (D:6)
  A worm (D:4)
  A dart slug (D:2)
  34 orcs
  6 ball pythons
  4 endoplasms
  5 giant cockroaches
  14 goblins
  12 hobgoblins
  20 jackals
  6 quokkas
  5 bats
  9 frilled lizards
  9 kobolds
  4 rats
292 creatures vanquished.

Vanquished Creatures (collateral kills)
  A catoblepas (Lair:3)
  4 elephants (Lair:3)
  A torpor snail (Lair:1)
  2 komodo dragons (Lair:1)
  A rime drake (Lair:1)
  2 blink frogs (Lair:1)
  5 dream sheep (Lair:1)
  4 yaks
  A wyvern (Lair:3)
  A steam dragon (D:8)
  A naga (Lair:2)
  4 water moccasins
  An orc warrior (D:8)
  A black bear (Lair:2)
  An ogre (D:7)
  2 wolves
  2 bullfrogs (Lair:1)
  2 wights (D:7)
  An iguana (D:8)
  4 orcs (D:8)
41 creatures vanquished.

Vanquished Creatures (others)
  A howler monkey (D:7)
1 creature vanquished.

Grand Total: 334 creatures vanquished

Notes
Turn   | Place    | Note
-------+----------+-------------------------------------------
     0 | D:1      | avis the Felid Shapeshifter began the quest for the Orb.
     0 | D:1      | Reached XP level 1. HP: 9/9 MP: 2/2
   845 | D:1      | Reached XP level 2. HP: 13/13 MP: 3/3
  1159 | D:2      | Reached skill level 3 in Dodging
  1461 | D:2      | Reached XP level 3. HP: 16/16 MP: 4/4
  1548 | D:2      | Noticed Sigmund
  1558 | D:2      | Killed Sigmund
  1559 | D:2      | Reached skill level 5 in Shapeshifting
  1559 | D:2      | Reached XP level 4. HP: 21/21 MP: 5/5
  1559 | D:2      | Reached XP level 5. HP: 24/24 MP: 6/6
  2005 | D:2      | Reached skill level 4 in Dodging
  2984 | D:4      | Reached skill level 5 in Dodging
  2984 | D:4      | Gained mutation: You are covered in thick fur. (AC +2)
                  | [Felid growth]
  2984 | D:4      | Reached XP level 6. HP: 8/28 MP: 7/7
  3058 | D:4      | Noticed a sky beast
  3075 | D:4      | Killed a sky beast
  3076 | D:4      | Reached skill level 6 in Dodging
  3110 | D:4      | Found an ornate altar of the Wu Jian Council.
  3111 | D:4      | Noticed Robin
  3179 | D:4      | Killed Robin
  3424 | D:4      | Reached XP level 7. HP: 29/31 MP: 8/8
  3447 | D:4      | Found Gaquoduq's Jewellery Boutique.
  3511 | D:4      | Found a broken altar of Ashenzari.
  3513 | D:4      | Found a sacrificial altar of Ru.
  3518 | D:4      | Found a glowing silver altar of Zin.
  3521 | D:4      | Found a white marble altar of Elyvilon.
  3759 | D:4      | Noticed Edmund
  3769 | D:4      | Killed Edmund
  3888 | D:4      | Learned a level 3 spell: Swiftness
  4482 | D:5      | Entered Level 5 of the Dungeon
  4491 | D:4      | Reached skill level 7 in Dodging
  4798 | D:5      | Reached skill level 1 in Spellcasting
  4798 | D:5      | Reached skill level 1 in Air Magic
  4932 | D:5      | Noticed a yak
  4932 | D:5      | Noticed a yak
  4932 | D:5      | Noticed a yak
  4932 | D:5      | Noticed a yak
  4934 | D:5      | Noticed a yak
  4936 | D:5      | Noticed a yak
  4947 | D:5      | Killed a yak
  4948 | D:5      | Reached skill level 8 in Dodging
  4948 | D:5      | Reached XP level 8. HP: 30/34 MP: 10/10
  4969 | D:5      | Reached skill level 9 in Dodging
  5380 | D:5      | Noticed Dowan
  5478 | D:4      | Reached skill level 10 in Dodging
  5484 | D:5      | Mangled by an ogre
  5492 | D:5      | Reached XP level 9. HP: 23/37 MP: 11/11
  5645 | D:5      | Noticed Eustachio
  5732 | D:4      | Killed Eustachio
  5805 | D:5      | Killed Dowan
  5866 | D:5      | Noticed Duvessa
  5893 | D:5      | Killed Duvessa
  6120 | D:5      | Reached skill level 11 in Dodging
  7223 | D:5      | Reached skill level 12 in Dodging
  7877 | D:6      | Reached skill level 10 in Shapeshifting
  7883 | D:6      | Identified the ring of Entrepreneurial Spirit {Will+ Int+3}
  7933 | D:6      | Learned a level 4 spell: Summon Lightning Spire
  7938 | D:6      | Found a hide-covered altar of Uskayaw.
  8152 | D:6      | Reached XP level 10. HP: 42/42 MP: 14/14
  8380 | D:7      | Learned a level 2 spell: Blink
  8385 | D:7      | Learned a level 4 spell: Manifold Assault
  8469 | D:7      | Found Guphuaco's Self-Improvement Boutique.
  8479 | D:7      | Reached skill level 1 in Summonings
  8761 | D:7      | Slain by a wight
  9208 | D:7      | Found a staircase to the Ecumenical Temple.
  9218 | Temple   | Entered the Ecumenical Temple
  9247 | Temple   | Became a worshipper of Gozag Ym Sagoz the Greedy
  9427 | D:7      | Noticed a manticore
  9449 | D:7      | Killed a manticore
  9670 | D:7      | Identified the +8 hand axe of the Hurting Soothsayer
                  | {drain, rPois Stlth+}
  9786 | D:8      | Reached skill level 1 in Translocations
 10219 | D:8      | Noticed a gargoyle
 10228 | D:8      | Killed a gargoyle
 10591 | D:7      | Reached skill level 5 in Translocations
 10785 | D:8      | Found a staircase to the Lair.
 11039 | D:8      | Reached skill level 5 in Air Magic
 11425 | D:8      | Reached skill level 5 in Summonings
 11545 | D:8      | Reached XP level 11. HP: 45/45 MP: 15/15
 12366 | IceCv    | Identified the of Atoohu Voerr
 12366 | Lair:1   | Entered Level 1 of the Lair of Beasts
 12547 | Lair:1   | Slain by a blink frog
 13886 | Lair:1   | Reached skill level 10 in Translocations
 13933 | Lair:1   | Noticed a boulder beetle
 14200 | Lair:1   | Killed a boulder beetle
 14857 | Lair:1   | Reached skill level 13 in Dodging
 15030 | Lair:2   | HP: 1/45 [cane toad (17)]
 15032 | Lair:2   | Mangled by a komodo dragon
 15375 | Lair:2   | Reached skill level 14 in Dodging
 15535 | Lair:1   | Gained mutation: Your thick and shaggy fur keeps you warm.
                  | (AC +3, rC+) [Felid growth]
 15535 | Lair:1   | Reached XP level 12. HP: 35/48 MP: 7/17
 16193 | Lair:2   | You fall into a shaft and drop 1 floor!
 16272 | Lair:2   | Found a staircase to the Snake Pit.
 16285 | Lair:2   | Reached skill level 5 in Fighting
 16696 | Lair:3   | Found a shadowy altar of Dithmenos.
 16836 | Lair:3   | Noticed a catoblepas
 16867 | Lair:3   | Killed a catoblepas
 17089 | Lair:3   | Slain by a wolf

Illustrated notes

Levels and vault maps discovered:
D:1:      mainiacjoe_arrival_oval_in_oval, layout_basic
D:2:      layout_basic, st_stairs_4, kennysheep_generic_room_11, uniq_sigmund
D:3:      layout_rooms, chequers_serial_rivers_room_b
D:4:      nicolae_cairo_tiling, layout_layer_cave, nicolae_wu_jian_wuxing_cycle,
          nicolae_overflow_macrodata_refinement, minmay_hedge_maze,
          minmay_shop_enchanted_jewellery, corexii_shack, uniq_robin,
          uniq_edmund
D:5:      lemuel_castle_with_subvaults [lemuel_castle_interior_carwin_2],
          layout_basic, uniq_duvessa, uniq_eustachio
D:6:      layout_basic, nicolae_uskayaw_dance_hall
D:7:      layout_gridville, minmay_temple_entry_stoned_glass, dk_noncrumbling_3,
          nicolae_shop_self_help
D:8:      layout_basic, minmay_lair_entry_grove, minmay_lizard_king
Temple:   nicolae_temple_godzebo
Lair:1:   layout_cave_pods, st_stairs_7
Lair:2:   layout_long_grid, guppyfry_snake_entry_garden, st_stairs_10
Lair:3:   layout_roguey, palyth_hydra_swamp_entry, basic_altar,
          chequers_serial_rivers_marsh, kennysheep_abandoned_house,
          grunt_megastairs_2, lemuel_fruit_tree

Skill      XL: |  1  2  3  4  5  6  7  8  9 10 11 12 |
---------------+-------------------------------------+-----
Fighting       | 2 3 5 |  5.0
Dodging        | 3 5 6 8 10 12 14 | 14.6
Shapeshifting  | 5 6 7 9 10 11 12 | 12.0
Spellcasting   | 1 2 3 4 |  4.0
Air Magic      | 1 4 5 6 |  6.0
Summonings     | 5 7 |  7.0
Translocations | 7 10 | 10.0
Unarmed Combat | |  3.0

Action                     |  1- 3 |  4- 6 |  7- 9 | 10-12 || total
---------------------------+-------+-------+-------+-------++-------
  Melee: Unarmed           |    74 |   172 |   569 |   520 ||  1335
         Bite              |     9 |    18 |    75 |    73 ||   175
   Cast: Summon Lightning  |       |       |       |    67 ||    67
         Manifold Assault  |       |       |       |    23 ||    23
         Blink             |       |       |       |     6 ||     6
 Invoke: Call Merchant     |       |       |       |     1 ||     1
  Evoke: Wand              |       |       |       |     4 ||     4
    Use: Potion            |     1 |       |     1 |     4 ||     6
         Scroll            |       |       |       |    14 ||    14
   Stab: Sleeping          |     3 |       |       |       ||     3
         Distracted        |       |       |       |     3 ||     3
 Armour: Skin              |    21 |    36 |   130 |   173 ||   360
  Dodge: Dodged            |    54 |   149 |   509 |   566 ||  1278
   Form: Flux              |       |     1 |       |       ||     1

Table legend: (Time is in decaauts)
 A = Elapsed time spent in this place.
 B = Non-inter-level travel time spent in this place.
 C = Inter-level travel time spent in this place.
 D = Time resting spent in this place.
 E = Time spent auto-exploring this place.
 F = Levels seen in this place.
 G = Mean time per level.
                   A        B        C        D        E       F      G
               +--------+--------+--------+--------+--------+-----+--------+
         Total |  15072 |  13631 |   1441 |   4688 |   4810 |  12 | 1256.0 |
       Dungeon |  10890 |  10128 |    762 |   3153 |   4020 |   8 | 1361.2 |
        Temple |     67 |     20 |     47 |      0 |      0 |   1 |   67.0 |
          Lair |   4114 |   3482 |    632 |   1535 |    790 |   3 | 1371.3 |
               +--------+--------+--------+--------+--------+-----+--------+

Top non-repeatable levels by time:
  Lair:1: 2900 daAuts
     D:4: 2074 daAuts
     D:8: 1995 daAuts
     D:5: 1883 daAuts
     D:7: 1494 daAuts
     D:1: 1059 daAuts
     D:6: 968 daAuts
  Lair:2: 947 daAuts
     D:2: 832 daAuts
     D:3: 581 daAuts
  Lair:3: 265 daAuts
  Temple: 67 daAuts
